Match 47189629
Unlisted

Match 47189629
End
Construct Infanterie Kompanie
MG 42 Machine Gun Team
Grenadier Squad
Grenadier Squad
GrW 34 Mortar Team
Infanterie Officer Quarters
Medical Station
Pioneer Squad
Selects Italian Coastal Battlegroup
Selects Coastal Reserves
Selects Artillery Officer
Artillery Officer
Grenadier Squad
Construct Panzergrenadier Kompanie
Support Elements
Nebelwerfer 42 Rocket Launcher Team
Pak 40 Anti-tank Gun Team
Nebelwerfer 42 Rocket Launcher Team
Selects Obice da 210/22 Artillery Emplacement
Coastal Reserve
Panzergrenadier Officer Quarters
Construct Luftwaffe Kompanie
Construct Panzer Kompanie
Selects Support Bunkers
Selects Designated Artillery Overwatch
Coastal Reserve
Selects Bulwark
MG 42 Bunker
Designated Artillery Overwatch
Designated Artillery Overwatch
Designated Artillery Overwatch
Designated Artillery Overwatch
Repair Bunker
Imperiale
Bananenratte
SLOVAK ARMY / 5th PSU /
mugirara
Mr MIAOU COH3
Einherjer
0
0

Comments sign in to comment!

No comments posted yet!